PCL
VANCOUVER VIPERS @ SPOKANE TRAPPERS
06/29/2027
 
TOP OF THE 1ST
Vancouver Vipers batting - Pitching for Spokane Trappers : RHP José Ortíz
Pitching: RHP José Ortíz
Batting: RHB Víctor Arredondo 0-0: Ball
1-0: SINGLE (Groundball, 6MD)
Batting: LHB Dave Gray 0-0: Foul Ball, location: 2F
0-1: Grounds into double play, 6-4-3 (Groundball, 6M)
Batting: LHB Larry Howard 0-0: Ball
1-0: Ground out 4-3 (Groundball, 4)
Top of the 1st over - 0 run(s), 1 hit(s), 0 error(s), 0 left on base; Vancouver 0 - Spokane 0
BOTTOM OF THE 1ST
Spokane Trappers batting - Pitching for Vancouver Vipers : RHP Larry Stewart
Pitching: RHP Larry Stewart
Batting: LHB Juan Viera 0-0: Ball
1-0: Fly out, F6 (Popup, 6D)
Batting: RHB Dani Rodríguez 0-0: Ball
1-0: Foul Ball, location: 2F
1-1: Ball
2-1: Ground out 6-3 (Groundball, 6D)
Batting: LHB Jaime Padilla 0-0: SINGLE (Line Drive, 56D)
Batting: SHB Glenn Vadnais 0-0: Ball
1-0: Called Strike
Jaime Padilla steals 2nd base
1-1: Fly out, F9 (Flyball, 9)
Bottom of the 1st over - 0 run(s), 1 hit(s), 0 error(s), 1 left on base; Vancouver 0 - Spokane 0
TOP OF THE 2ND
Vancouver Vipers batting - Pitching for Spokane Trappers : RHP José Ortíz
Batting: SHB Henry Copeland 0-0: Ball
1-0: Called Strike
1-1: Ball
2-1: Foul Ball, location: 2F
2-2: Ball
3-2: Base on Balls
Batting: RHB Lorenzo González 0-0: Ball
1-0: Foul Ball, location: 2F
1-1: Foul Ball, location: 2F
1-2: SINGLE (Groundball, 56D)
Henry Copeland to second
Batting: LHB Tanyu Imai 0-0: Ball
1-0: Foul Ball, location: 2F
1-1: Ball
2-1: Ball
3-1: Called Strike
3-2: Foul Ball, location: 2F
3-2: Base on Balls
Henry Copeland to third
Lorenzo González to second
Batting: RHB Alfredo Hernández 0-0: Grounds into double play, 5-4-3 (Groundball, 56)
Henry Copeland scores
Lorenzo González to third
Batting: RHB Walton Smith 0-0: Ball
1-0: Foul Ball, location: 2F
1-1: Swinging Strike
1-2: Ball
2-2: Fly out, F4 (Popup, 34D)
Top of the 2nd over - 1 run(s), 1 hit(s), 0 error(s), 1 left on base; Vancouver 1 - Spokane 0
BOTTOM OF THE 2ND
Spokane Trappers batting - Pitching for Vancouver Vipers : RHP Larry Stewart
Batting: LHB José Berroa 0-0: Ball
1-0: Called Strike
1-1: Ball
2-1: Called Strike
2-2: Ball
3-2: Strikes out swinging
Batting: RHB Robert Marks 0-0: Ball
1-0: Ball
2-0: Ball
3-0: Called Strike
3-1: Foul Ball, location: 2F
3-2: Foul Ball, location: 2F
3-2: Strikes out swinging
Batting: RHB Alejandro Ramos 0-0: Reached on error, E6 (Groundball, 6M)
Batting: RHB John Craig 0-0: Ball
1-0: Called Strike
1-1: Ball
2-1: Ball
3-1: Fly out, F9 (Flyball, 89M)
Bottom of the 2nd over - 0 run(s), 0 hit(s), 1 error(s), 1 left on base; Vancouver 1 - Spokane 0
TOP OF THE 3RD
Vancouver Vipers batting - Pitching for Spokane Trappers : RHP José Ortíz
Batting: RHB Jesús Gonzáles 0-0: Ball
1-0: Ball
2-0: Ball
3-0: Called Strike
3-1: SINGLE (Groundball, 56D)
Batting: RHB Víctor Arredondo 0-0: Ball
1-0: Swinging Strike
1-1: 2-RUN HOME RUN (Flyball, 78XD), Distance : 391 ft
Batting: LHB Dave Gray 0-0: Ball
1-0: Called Strike
1-1: Swinging Strike
1-2: Foul Ball, location: 2F
1-2: Ground out 4-3 (Groundball, 34D)
Batting: LHB Larry Howard 0-0: Swinging Strike
0-1: Ball
1-1: SINGLE (Groundball, 56S) (infield hit)
Batting: SHB Henry Copeland 0-0: Ball
1-0: Foul Ball, location: 2F
1-1: Ball
2-1: Ball
3-1: Foul Ball, location: 2F
3-2: Foul Ball, location: 2F
3-2: DOUBLE (Line Drive, 9LS)
Larry Howard to third
Larry Howard scores
Batting: RHB Lorenzo González 0-0: Ball
1-0: Called Strike
1-1: Swinging Strike
1-2: Ground out 4-3 (Groundball, 4)
Henry Copeland to third
Batting: LHB Tanyu Imai 0-0: Foul Ball, location: 2F
0-1: Ground out U3 (Groundball, 34)
Top of the 3rd over - 3 run(s), 4 hit(s), 0 error(s), 1 left on base; Vancouver 4 - Spokane 0
BOTTOM OF THE 3RD
Spokane Trappers batting - Pitching for Vancouver Vipers : RHP Larry Stewart
Batting: LHB Rusty Herbert 0-0: Ball
1-0: Swinging Strike
1-1: Ball
2-1: Swinging Strike
2-2: SINGLE (Groundball, 34D)
Batting: LHB Juan Viera 0-0: Foul Ball, location: 2F
0-1: Ball
1-1: Called Strike
1-2: Ball
2-2: SINGLE (Groundball, 4MD)
Rusty Herbert to second
Batting: RHB Dani Rodríguez 0-0: Fly out, F9 (Flyball, 9)
Batting: LHB Jaime Padilla 0-0: SINGLE (Flyball, 89S)
Rusty Herbert to third
Juan Viera to second
Runner from 3rd tries for Home, SAFE, throw made home
Juan Viera to third
Jaime Padilla to second
Batting: SHB Glenn Vadnais 0-0: Ball
1-0: Ball
2-0: Ball
3-0: Called Strike
3-1: Called Strike
3-2: Foul Ball, location: 2F
3-2: Strikes out swinging
Batting: LHB José Berroa 0-0: Foul Ball, location: 2F
0-1: Ball
1-1: Ball
2-1: Ground out 6-3 (Groundball, 6)
Bottom of the 3rd over - 1 run(s), 3 hit(s), 0 error(s), 2 left on base; Vancouver 4 - Spokane 1
TOP OF THE 4TH
Vancouver Vipers batting - Pitching for Spokane Trappers : RHP José Ortíz
Batting: RHB Alfredo Hernández 0-0: Foul Ball, location: 2F
0-1: Ball
1-1: Ball
2-1: Called Strike
2-2: Ball
3-2: Foul Ball, location: 2F
3-2: Base on Balls
Batting: RHB Walton Smith 0-0: Ball
1-0: Ball
2-0: Swinging Strike
2-1: Swinging Strike
2-2: Strikes out swinging
Batting: RHB Jesús Gonzáles Pickoff Throw to First - Out!
0-0: Ball
1-0: Called Strike
1-1: Called Strike
1-2: Foul Ball, location: 2F
1-2: SINGLE (Groundball, 6MS) (infield hit)
Pitching: RHP David Boyer
Batting: RHB Víctor Arredondo 0-0: Called Strike
0-1: Called Strike
Jesús Gonzáles steals 2nd base
0-2: SINGLE (Groundball, 6MD)
Jesús Gonzáles to third
Runner from 3rd tries for Home, SAFE, no throw
Batting: LHB Dave Gray 0-0: Ball
1-0: Called Strike
1-1: Called Strike
1-2: Foul Ball, location: 2F
1-2: Ball
2-2: Ball
3-2: Fly out, F7 (Line Drive, 7)
Top of the 4th over - 1 run(s), 2 hit(s), 0 error(s), 1 left on base; Vancouver 5 - Spokane 1
BOTTOM OF THE 4TH
Spokane Trappers batting - Pitching for Vancouver Vipers : RHP Larry Stewart
Batting: RHB Robert Marks 0-0: Called Strike
0-1: Ball
1-1: Foul Ball, location: 2F
1-2: SINGLE (Line Drive, 8LS)
Batting: RHB Alejandro Ramos 0-0: Fly out, F7 (Flyball, 78M)
Batting: RHB John Craig 0-0: SINGLE (Line Drive, 89S)
Robert Marks to second
Batting: LHB Rusty Herbert 0-0: Ball
1-0: Ball
2-0: Fielders Choice at 2nd, 1-6 (Groundball, 13S)
Robert Marks to third
Batting: LHB Juan Viera 0-0: SINGLE (Flyball, 9S)
Robert Marks scores
Rusty Herbert to second
Runner from 2nd tries for 3rd, SAFE, throw made to third
Juan Viera to second
Batting: RHB Dani Rodríguez 0-0: Swinging Strike
0-1: Foul Ball, location: 2F
0-2: Ball
1-2: Strikes out swinging
Bottom of the 4th over - 1 run(s), 3 hit(s), 0 error(s), 2 left on base; Vancouver 5 - Spokane 2
TOP OF THE 5TH
Vancouver Vipers batting - Pitching for Spokane Trappers : RHP David Boyer
Now at 2B: Clyde Kelley
Batting: LHB Larry Howard 0-0: Fly out, F8 (Flyball, 89D)
Batting: SHB Henry Copeland 0-0: Ball
1-0: Ball
2-0: Swinging Strike
2-1: Fly out, F9 (Flyball, 9LMF)
Batting: RHB Lorenzo González 0-0: Called Strike
0-1: SOLO HOME RUN (Flyball, 8RXD), Distance : 434 ft
Batting: LHB Tanyu Imai 0-0: Foul Ball, location: 2F
0-1: Ball
1-1: Ball
2-1: Foul Ball, location: 2F
2-2: Foul Ball, location: 2F
2-2: Ground out 4-3 (Groundball, 4)
Top of the 5th over - 1 run(s), 1 hit(s), 0 error(s), 0 left on base; Vancouver 6 - Spokane 2
BOTTOM OF THE 5TH
Spokane Trappers batting - Pitching for Vancouver Vipers : RHP Larry Stewart
Batting: LHB Jaime Padilla 0-0: Hit by Pitch
Batting: SHB Glenn Vadnais 0-0: Swinging Strike
0-1: Foul Ball, location: 2F
0-2: Strikes out swinging
Batting: LHB José Berroa 0-0: Called Strike
0-1: Ball
1-1: Fly out, F8 (Flyball, 78XD)
Batting: RHB Robert Marks 0-0: Called Strike
0-1: Ball
1-1: Ball
2-1: Foul Ball, location: 2F
2-2: Foul Ball, location: 2F
2-2: Ball
3-2: Fly out, F8 (Flyball, 8RS)
Bottom of the 5th over - 0 run(s), 0 hit(s), 0 error(s), 1 left on base; Vancouver 6 - Spokane 2
TOP OF THE 6TH
Vancouver Vipers batting - Pitching for Spokane Trappers : RHP David Boyer
Batting: RHB Alfredo Hernández 0-0: Ball
1-0: Ball
2-0: Swinging Strike
2-1: SINGLE (Groundball, 3D)
Batting: RHB Walton Smith 0-0: Called Strike
0-1: Ball
1-1: Swinging Strike
1-2: Foul Ball, location: 2F
1-2: Strikes out swinging
Batting: RHB Jesús Gonzáles 0-0: Called Strike
0-1: Ball
1-1: Called Strike
1-2: Ball
Alfredo Hernández steals 2nd base
2-2: Strikes out swinging
Batting: RHB Víctor Arredondo 0-0: Ball
1-0: Foul Ball, location: 2F
1-1: SINGLE (Groundball, 56D)
Alfredo Hernández to third
Runner from 3rd tries for Home, SAFE, no throw
Batting: LHB Dave Gray 0-0: Ball
1-0: Ball
2-0: SINGLE (Line Drive, 56D)
Víctor Arredondo to second
Víctor Arredondo to third
Batting: LHB Larry Howard 0-0: Ball
1-0: Called Strike
1-1: Foul Ball, location: 2F
1-2: Fly out, F9 (Flyball, 9)
Top of the 6th over - 1 run(s), 3 hit(s), 0 error(s), 2 left on base; Vancouver 7 - Spokane 2
BOTTOM OF THE 6TH
Spokane Trappers batting - Pitching for Vancouver Vipers : RHP Larry Stewart
Batting: RHB Alejandro Ramos 0-0: Foul Ball, location: 2F
0-1: Ball
1-1: Called Strike
1-2: Strikes out looking
Pitching: RHP Ben Evans
Batting: RHB Clyde Kelley 0-0: Foul Ball, location: 2F
0-1: Swinging Strike
0-2: Ball
1-2: Foul Ball, location: 2F
1-2: Ball
2-2: Strikes out swinging
Batting: LHB Rusty Herbert 0-0: Ball
1-0: Ball
2-0: Foul Ball, location: 2F
2-1: Swinging Strike
2-2: Strikes out looking
Bottom of the 6th over - 0 run(s), 0 hit(s), 0 error(s), 0 left on base; Vancouver 7 - Spokane 2
TOP OF THE 7TH
Vancouver Vipers batting - Pitching for Spokane Trappers : RHP David Boyer
Batting: SHB Henry Copeland 0-0: Swinging Strike
0-1: Foul Ball, location: 2F
0-2: Strikes out looking
Pitching: RHP Dave Adams
Batting: RHB Lorenzo González 0-0: Ball
1-0: Ground out U3 (Groundball, 34)
Batting: LHB Tanyu Imai 0-0: Foul Ball, location: 2F
0-1: Fly out, F3 (Popup, 3L)
Top of the 7th over - 0 run(s), 0 hit(s), 0 error(s), 0 left on base; Vancouver 7 - Spokane 2
BOTTOM OF THE 7TH
Spokane Trappers batting - Pitching for Vancouver Vipers : RHP Ben Evans
Batting: LHB Juan Viera 0-0: Called Strike
0-1: Foul Ball, location: 2F
0-2: Strikes out swinging
Batting: RHB Dani Rodríguez 0-0: Ball
1-0: Ball
2-0: Foul Ball, location: 2F
2-1: Fly out, F4 (Popup, 34D)
Batting: LHB Jaime Padilla 0-0: Ground out 6-3 (Groundball, 6D)
Bottom of the 7th over - 0 run(s), 0 hit(s), 0 error(s), 0 left on base; Vancouver 7 - Spokane 2
TOP OF THE 8TH
Vancouver Vipers batting - Pitching for Spokane Trappers : RHP Dave Adams
Batting: RHB Alfredo Hernández 0-0: Called Strike
0-1: Swinging Strike
0-2: Ball
1-2: SINGLE (Groundball, 34S) (infield hit)
Batting: RHB Walton Smith 0-0: Ball
1-0: Swinging Strike
1-1: Foul Ball, location: 2F
1-2: Ball
2-2: Foul Ball, location: 2F
2-2: Ball
3-2: Hit by Pitch
Alfredo Hernández to second
Batting: RHB Jesús Gonzáles 0-0: Foul Ball, location: 2F
0-1: Called Strike
0-2: Ball
1-2: Hit by Pitch
Alfredo Hernández to third
Walton Smith to second
Batting: RHB Víctor Arredondo 0-0: Called Strike
0-1: Called Strike
0-2: Ball
1-2: Hit by Pitch
Alfredo Hernández scores
Walton Smith to third
Jesús Gonzáles to second
Batting: LHB Dave Gray 0-0: Grounds into double play, 4-6-3 (Groundball, 4)
Walton Smith scores
Jesús Gonzáles to third
Batting: LHB Larry Howard 0-0: Ball
1-0: Ball
2-0: Called Strike
2-1: Fly out, F7 (Flyball, 7)
Top of the 8th over - 2 run(s), 1 hit(s), 0 error(s), 1 left on base; Vancouver 9 - Spokane 2
BOTTOM OF THE 8TH
Spokane Trappers batting - Pitching for Vancouver Vipers : RHP Ben Evans
Now at SS: Axel Guimont
Batting: SHB Glenn Vadnais 0-0: Called Strike
0-1: Ball
1-1: Fly out, F2 (Popup, 23)
Batting: LHB José Berroa 0-0: Ball
1-0: Called Strike
1-1: Called Strike
1-2: Ball
2-2: Ground out 3-1 (Groundball, 34S)
Batting: RHB Robert Marks 0-0: Ball
1-0: Foul Ball, location: 2F
1-1: Ball
2-1: Foul Ball, location: 2F
2-2: Fly out, F7 (Flyball, 78S)
Bottom of the 8th over - 0 run(s), 0 hit(s), 0 error(s), 0 left on base; Vancouver 9 - Spokane 2
TOP OF THE 9TH
Vancouver Vipers batting - Pitching for Spokane Trappers : RHP Dave Adams
Batting: SHB Henry Copeland 0-0: Ball
1-0: Ball
2-0: Ball
3-0: Called Strike
3-1: Ground out 6-3 (Groundball, 6M)
Batting: RHB Lorenzo González 0-0: Ground out 6-3 (Groundball, 6)
Batting: LHB Tanyu Imai 0-0: TRIPLE (Line Drive, 8RM)
Batting: RHB Alfredo Hernández 0-0: Ball
1-0: Ball
2-0: Called Strike
2-1: Ball
3-1: Called Strike
3-2: Base on Balls
Batting: RHB Walton Smith 0-0: Foul Ball, location: 2F
0-1: Ball
1-1: Ball
2-1: SINGLE (Flyball, 89S)
Tanyu Imai scores
Alfredo Hernández to second
Batting: RHB Jesús Gonzáles 0-0: Called Strike
0-1: Ball
1-1: Ball
2-1: Ball
3-1: Base on Balls
Alfredo Hernández to third
Walton Smith to second
Batting: RHB Víctor Arredondo 0-0: Ball
1-0: Called Strike
1-1: Foul Ball, location: 2F
1-2: Fielders Choice at 2nd, 6-4 (Groundball, 6)
Top of the 9th over - 1 run(s), 2 hit(s), 0 error(s), 2 left on base; Vancouver 10 - Spokane 2
BOTTOM OF THE 9TH
Spokane Trappers batting - Pitching for Vancouver Vipers : RHP Ben Evans
Batting: RHB Alejandro Ramos 0-0: Called Strike
0-1: Foul Ball, location: 2F
0-2: Foul Ball, location: 2F
0-2: Ball
1-2: Foul Ball, location: 2F
1-2: Fly out, F9 (Flyball, 89M)
Batting: RHB Clyde Kelley 0-0: Ball
1-0: Called Strike
1-1: Ball
2-1: Called Strike
2-2: Strikes out swinging
Batting: LHB Rusty Herbert 0-0: Called Strike
0-1: Foul Ball, location: 2F
0-2: Ball
1-2: Ball
2-2: Ball
3-2: Foul Ball, location: 2F
3-2: Ground out 1-3 (Groundball, P)
Bottom of the 9th over - 0 run(s), 0 hit(s), 0 error(s), 0 left on base; Vancouver 10 - Spokane 2
Thursday, March 30th, 2017 - OOTP Baseball 17.12 Build 75